 Dungeon Crawl Stone Soup version 0.29-a0-340-g6efceafd81 (webtiles) character file.

Game seed: 14040854199499978296

46 spiderkeys the Skirmisher (level 3, -10/33 HPs)
             Began as a Ghoul Abyssal Knight on Apr 20, 2022.
             Was a Priest of Lugonu.
             Mangled by an iguana (12 damage)
             ... on level 2 of the Dungeon.
             The game lasted 00:02:05 (1448 turns).

spiderkeys the Skirmisher (Ghoul Abyssal Knight)    Turns: 1448, Time: 00:02:06

Health: -10/33     AC:  6    Str: 18    XL:     3   Next: 66%
Magic:  3/4        EV:  9    Int:  5    God:    Lugonu [***...]
Gold:   29         SH:  0    Dex:  9    Spells: 2/2 levels left

rFire   . . .      SeeInvis .   a - +1 hand axe
rCold   + . .      Faith    .   (no shield)
rNeg    + + +      Spirit   .   j - +0 scale mail
rPois   ∞          Reflect  .   (no helmet)
rElec   .          Harm     .   (no cloak)
rCorr   .          Rampage  .   (no gloves)
Will    .....                   (no boots)
Stlth   ..........              (no amulet)
HPRegen 0.00/turn               (no ring)
MPRegen 0.09/turn               (no ring)

@: attractive, inhibited regen
A: claws 1, cold resistance 1, negative energy resistance 3, inhibited
regeneration, torment resistance 2, devour on kill
a: Renounce Religion, Depart the Abyss, Bend Space, Banish


You were on level 2 of the Dungeon.
You worshipped Lugonu.
Lugonu was most pleased with you.
You visited 1 branch of the dungeon, and saw 2 of its levels.
You visited the Abyss 1 time.

You collected 29 gold pieces.


Innate Abilities, Weirdness & Mutations

You are immune to poison.
You have sharp fingernails.
Your flesh is cold resistant. (rC+)
You are immune to negative energy. (rN+++)
You do not regenerate when monsters are visible.
You are immune to unholy pain and torment.
You thrive by killing the living.


   Skills:
 + Level 3.7 Fighting
 + Level 2.2 Axes
 + Level 2.3 Armour
 - Level 1.0 Dodging
 + Level 2.6 Invocations


You had 2 spell levels left.
You didn't know any spells.
Your spell library was empty.

Inventory:

Hand Weapons
 a - a +1 hand axe (weapon)
Missiles
 d - 21 stones
Armour
 j - a +0 scale mail (worn)
   (You found it on level 2 of the Dungeon)
Scrolls
 c - a scroll of blinking {!r}
 f - a scroll of vulnerability {!r!r}
 h - a scroll of fog

Dungeon Overview and Level Annotations

Branches:
Dungeon (2/15)

Altars:

Shops:
D:1

* .#. ###.... .
#..#
..#............
.#...........#
............###
#.##..##...#...
#.#...##.....#
##...#......#
#@l....†....#
#....P≈#....#
#....≈♣♣....######
#.>..≈≈P......<§..
#...P♣♣≈.#...[.§##
#.....≈........§..
#...###.###....§.)
#..###.. ##.##...
#.# #.##..#


You could see an iguana.


Message History

You closely miss the giant cockroach. The giant cockroach barely misses you.
The giant cockroach closely misses you.
You hit the giant cockroach.
The giant cockroach bites you but does no damage.
You barely miss the giant cockroach.
The giant cockroach bites you but does no damage.
You barely miss the giant cockroach. The giant cockroach barely misses you.
The giant cockroach closely misses you.
You closely miss the giant cockroach.
The giant cockroach bites you but does no damage.
You hit the giant cockroach.
You kill the giant cockroach!
Lugonu accepts your kill.
No target in view!
No target in view!
There is a stone staircase leading up here.
j - a +0 scale mail You start removing your armour.
You continue taking off your +0 leather armour. x4
You finish taking off your +0 leather armour.
You start putting on your armour.
You continue putting on your +0 scale mail. x5
You finish putting on your +0 scale mail.
You drop a +0 leather armour. x3
As you read the scroll labelled ALUXTEN ENWANK, it crumbles to dust.
The scroll dissolves into smoke.
It was a scroll of fog.
As you read the scroll labelled UTHROU KAMA, it crumbles to dust.
It is a scroll of identify.
c - a scroll of blinking
As you read the scroll of identify {@r1}, it crumbles to dust.
f - a scroll of vulnerability
b - a metallic purple potion A rat comes into view.
A rat is nearby!
A rat and an iguana come into view.
The iguana hisses angrily.
A frilled lizard comes into view.
The frilled lizard hisses angrily.
The rat barely misses you.
You slash the rat!
You kill the rat!
Lugonu accepts your kill.
Found a stone staircase leading down.
You see here a rat corpse.
You closely miss the frilled lizard. You hit the plant.
The plant begins to die.
You hit the rat. The rat barely misses you.
The frilled lizard barely misses you. x2; The rat closely misses you.
You hit the rat.
You kill the rat!
Lugonu accepts your kill.
You hit the plant. You barely miss the frilled lizard.
The frilled lizard barely misses you.
You hit the iguana but do no damage. You hit the frilled lizard.
You kill the frilled lizard!
Lugonu accepts your kill.
You hit the plant.
A nearby plant withers and dies.
The iguana bites you. 😕 HP[-6]
You take 6 damage, and now have 27/33 hp.
You hit the iguana.
The iguana bites you but does no damage.
You hit the iguana.
The iguana bites you but does no damage.
You hit the iguana but do no damage. The iguana barely misses you. x2
You hit the iguana. The iguana bites you. 😮 HP[-6]
You take 6 damage, and now have 21/33 hp.
You are too injured to fight recklessly!
You hit the iguana. The iguana bites you!
* * * LOW HITPOINT WARNING * * *
😨 HP[-10]
You take 10 damage, and now have 11/33 hp.
MASSIVE DAMAGE!! (PAUSE)
You closely miss the iguana. The iguana closely misses you.
You aren't carrying any items that you can evoke.
Space bends violently around you!
You blink. 😨 HP[-2] MP[-1]
You take 2 damage, and now have 9/33 hp.
You lost 1 mp, and now have 2/4 mp.
Unknown command.
Okay, then.
It was a potion of attraction.
You feel attractive to monsters.
The iguana is attracted toward you. 😨 MP[+1]
You closely miss the iguana. The iguana bites you!
* * * LOW HITPOINT WARNING * * *
😱 HP[-7]
You take 7 damage, and now have 2/33 hp.
MASSIVE DAMAGE!! (PAUSE)
You hit the iguana but do no damage. The iguana barely misses you.
The iguana bites you but does no damage.
You hit the iguana but do no damage. The iguana completely misses you.
You barely miss the iguana.
The iguana bites you but does no damage.
You hit the iguana.
The iguana bites you but does no damage.
You hit the iguana but do no damage. Your claw misses the iguana.
The iguana bites you!
You die...

Skill      XL: |  1  2 |
---------------+-------+-----
Dodging        | 1 |  1.0
Axes           | 2 |  2.2
Armour         | 2 |  2.3
Fighting       | |  3.7
Invocations    | |  2.6

Action                   || total
-------------------------++-------
Melee: Hand axe          ||   111
Invok: Bend Space        ||     1
  Use: Scroll            ||     3
       Potion            ||     1
Armor: Leather armour    ||    33
       Scale mail        ||     5
Dodge: Dodged            ||    65

Levels and vault maps discovered:
D:1:      lemuel_arrival_rhombus, layout_basic, basic_ecumenical_altar,
          serial_shops, nicolae_shop_overgrown_old_shop
D:2:      layout_rooms, chequers_arboretum, st_stairs_1, serial_bayou_pond_d

Notes
Turn   | Place    | Note
-------+----------+-------------------------------------------
     0 | Abyss:1  | spiderkeys the Ghoul Abyssal Knight began the quest for the
                  | Orb.
     0 | Abyss:1  | Reached XP level 1. HP: 19/19 MP: 1/1
     0 | Abyss:1  | magus.rc [v1.11.3]
    11 | D:1      | You pass through the gate.
    11 | D:1      | Escaped the Abyss
    69 | D:1      | Reached skill level 1 in Dodging
   131 | D:1      | Reached XP level 2. HP: 25/26 MP: 2/2
   139 | D:1      | Found Peejeasa's Assorted Antiques.
   202 | D:1      | Reached skill level 2 in Axes
   202 | D:1      | Reached skill level 2 in Armour
   700 | D:1      | Reached *** piety under Lugonu
   703 | D:1      | Reached XP level 3. HP: 27/31 MP: 3/3
   984 | D:1      | Found a faded altar of an unknown god.
  1443 | D:2      | HP: 2/33 [iguana (7)]
  1448 | D:2      | Mangled by an iguana

Vanquished Creatures
  A dart slug (D:1)
  7 ball pythons
  A bat (D:2)
  3 endoplasms (D:1)
  2 giant cockroaches
  4 goblins
  5 hobgoblins
  A quokka (D:1)
  2 frilled lizards
  6 kobolds
  9 rats
41 creatures vanquished.

Vanquished Creatures (others)
  A plant (D:2)
1 creature vanquished.

Grand Total: 42 creatures vanquished

Table legend:
 A = Non-vault XP
 B = Vault XP
 C = Vault XP percentage of total XP
 D = Non-vault monster count
 E = Vault monster count
 F = Vault count percentage of total count
                 A         B        C        D         E       F
            +---------+---------+-------+---------+---------+-------
      Total |      66 |       0 |   0.0 |      41 |       0 |   0.0
            +---------+---------+-------+---------+---------+-------
        D:1 |      51 |       0 |   0.0 |      31 |       0 |   0.0
        D:2 |      15 |       0 |   0.0 |      10 |       0 |   0.0
            +---------+---------+-------+---------+---------+-------

Illustrated notes

Table legend:
 A = Kills in this place as a percentage of kills in entire the game.
 B = Kills by you in this place as a percentage of kills by you in the entire game.
 C = Kills by friends in this place as a percentage of kills by friends in the entire game.
 D = Other kills in this place as a percentage of other kills in the entire game.
 E = Experience gained in this place as a percentage of experience gained in the entire game.
 F = Experience gained in this place divided by the number of levels of this place that you have seen.
                   A       B       C       D       E      F
               +-------+-------+-------+-------+-------+----------------------
         Total | 100.0 | 100.0 |   N/A |   N/A | 100.0 |  22.0
       Dungeon | 100.0 | 100.0 |   N/A |   N/A | 100.0 |  33.0
               +-------+-------+-------+-------+-------+----------------------

Table legend: (Time is in decaauts)
 A = Elapsed time spent in this place.
 B = Non-inter-level travel time spent in this place.
 C = Inter-level travel time spent in this place.
 D = Time resting spent in this place.
 E = Time spent auto-exploring this place.
 F = Levels seen in this place.
 G = Mean time per level.
                   A        B        C        D        E       F      G
               +--------+--------+--------+--------+--------+-----+--------+
         Total |   1468 |   1451 |     17 |     71 |   1116 |   3 |  489.3 |
       Dungeon |   1457 |   1440 |     17 |     71 |   1114 |   2 |  728.5 |
         Abyss |     11 |     11 |      0 |      0 |      2 |   1 |   11.0 |
               +--------+--------+--------+--------+--------+-----+--------+

Top non-repeatable levels by time:
     D:1: 1192 daAuts
     D:2: 265 daAuts
 Abyss:1: 11 daAuts
